 Dungeon Crawl Stone Soup version 0.30-a0-141-g30f27751c5 (webtiles) character file.

Game seed: 10583084273851849332

427172 Monkooky the Marksfrog (level 23, -1/177 (187) HPs)
             Began as a Barachi Wanderer on Sept 24, 2022.
             Was the Champion of Ru.
             Slain by a vault warden
             ... wielding a +0 great sword of flaming
              (8 damage)
             ... on level 4 of the Vaults on Sept 25, 2022.
             The game lasted 03:08:23 (50105 turns).

Monkooky the Marksfrog (Barachi Wanderer)          Turns: 50105, Time: 03:08:23

HP:   -1/177 (187)  AC: 16    Str: 16    XL:     23   Next: 49%
MP:   25/25         EV: 32    Int: 17    God:    Ru [******]
Gold: 1164          SH: 18    Dex: 40    Spells: 16/25 levels left

rFire   + . .      SeeInvis +    I - +11 demon blade of Teikhich {vorpal, rC- Str+7 Int-4 Dex+4}
rCold   + . .      Faith    .    m - +0 kite shield
rNeg    + + .      Spirit   .    O - +3 leather armour "Gekhetok" {rF+ rN+ SInv}
rPois   .          Reflect  .    K - +1 hat of Infinity {Will+ Int+3}
rElec   .          Harm     .    o - +2 cloak
rCorr   .          Rampage  .    V - +0 pair of fencer's gloves {Riposte Dex+3}
Will    ++...                    X - +2 pair of boots
Stlth   ++++......               Y - amulet of the acrobat
HPRegen 1.19/turn                p - ring of Dagiec {rC++ rN+ Int+4}
MPRegen 0.19/turn                f - +9 ring of dexterity

@: wereblooded, studying Conjurations, drained, slow
A: amphibious, slowness 1, weak 1, cowardly, inability to train armour,
unskilled 2, missing an eye, strong legs 2, +LOS, iridescent scales 1,
regeneration 1, sturdy frame 1
}: 3/15 runes: barnacled, abyssal, gossamer
a: Hop, Renounce Religion, Draw Out Power, Power Leap, Apocalypse


You were on level 4 of the Vaults.
You worshipped Ru.
Ru was exalted by your worship.
You visited 9 branches of the dungeon, and saw 40 of its levels.
You visited the Abyss 1 time.
You visited 1 bazaar.
You also visited: Trove, Bailey and Wizlab.

You collected 5265 gold pieces.
You spent 4101 gold pieces at shops.

Inventory:

Hand Weapons
 E - a +5 hand crossbow of freezing
 I - the +11 demon blade of Teikhich (weapon) {vorpal, rC- Str+7 Int-4 Dex+4}
   (You acquired it on level 4 of the Lair of Beasts)

   It inflicts extra damage upon your enemies.
   Str:       It affects your strength (+7).
   Int:       It affects your intelligence (-4).
   Dex:       It affects your dexterity (+4).
   rC:        It makes you vulnerable to cold.
Missiles
 u - 3 silver boomerangs
 S - 58 boomerangs
 T - 26 curare-tipped darts
 W - 10 throwing nets
Armour
 i - the +2 pair of gloves of Philately {Regen+}
   (You acquired it on level 4 of the Lair of Beasts)

   Regen:     It increases your rate of health regeneration.
 m - a +0 kite shield (worn)
 o - a +2 cloak (worn)
 K - the +1 hat of Infinity (worn) {Will+ Int+3}
   (You found it in a wizard's laboratory)

   Int:       It affects your intelligence (+3).
   Will:      It increases your willpower.
 O - the +3 leather armour "Gekhetok" (worn) {rF+ rN+ SInv}
   (You found it on level 5 of the Lair of Beasts)

   rF:        It protects you from fire.
   rN:        It protects you from negative energy.
   SInv:      It lets you see invisible.
 V - the +0 pair of fencer's gloves (worn) {Riposte Dex+3}
   (You found it in a wizard's laboratory)

   It allows the wearer to riposte with melee weapons, swiftly retaliating
   against missed or blocked melee attacks.
   Dex:       It affects your dexterity (+3).
 X - a +2 pair of boots (worn)
Jewellery
 a - the ring "Pum Zod" {rElec rCorr}
   (You found it on level 9 of the Dungeon)

   [ring of resist corrosion]

   rElec:     It insulates you from electricity.
   rCorr:     It protects you from acid and corrosion.
 f - a +9 ring of dexterity (right hand)
 p - the ring of Dagiec (left hand) {rC++ rN+ Int+4}
   (You took it off an efreet on level 9 of the Dungeon)

   [ring of positive energy]

   Int:       It affects your intelligence (+4).
   rC:        It greatly protects you from cold.
   rN:        It protects you from negative energy.
 q - the ring "Sellaxev" {rPois rF+ rN+ Dex-2 Slay+2}
   (You took it off a fire giant on level 2 of the Depths)

   [ring of poison resistance]

   Dex:       It affects your dexterity (-2).
   Slay:      It affects your accuracy & damage with ranged weapons and melee
   (+2).
   rF:        It protects you from fire.
   rPois:     It protects you from poison.
   rN:        It protects you from negative energy.
 w - the ring of Dishonour {rF+ rCorr MP+9 Str+2}
   (You took it off a merfolk siren on level 4 of the Shoals)

   [ring of magical power]

   Str:       It affects your strength (+2).
   rF:        It protects you from fire.
   MP:        It affects your magic capacity (+9).
   rCorr:     It protects you from acid and corrosion.
 Y - an amulet of the acrobat (around neck)
Wands
 c - a wand of flame (47) (quivered)
 e - a wand of iceblast (13)
 j - a wand of digging (8)
 B - a wand of mindburst (10)
 C - a wand of quicksilver (18)
 R - a wand of charming (36)
Scrolls
 b - 17 scrolls of teleportation
 d - 5 scrolls of summoning
 k - 3 scrolls of silence
 n - 7 scrolls of immolation
 s - 6 scrolls of magic mapping
 t - 6 scrolls of butterflies
 v - 6 scrolls of blinking
 J - 7 scrolls of fear
 L - 12 scrolls of vulnerability
 M - 4 scrolls of poison
Potions
 g - 6 potions of mutation
 h - 10 potions of curing
 l - 5 potions of resistance
 r - 7 potions of haste
 x - 6 potions of magic
 y - 2 potions of cancellation
 z - 8 potions of ambrosia
 A - 6 potions of might
 F - 12 potions of heal wounds
 G - 3 potions of berserk rage
 H - 6 potions of lignification
 N - 5 potions of invisibility
 Q - 4 potions of brilliance
 Z - 5 potions of attraction
Miscellaneous
 D - a box of beasts
 P - a phantom mirror
 U - a tin of tremorstones (2/2)


   Skills:
 - Level 17.0 Fighting
 - Level 16.2 Long Blades
 + Level 19.7 Ranged Weapons
 - Level 5.4 Throwing
 - Level 14.0 Dodging
 - Level 4.5 Stealth
 - Level 14.0 Shields
 - Level 1.7 Spellcasting
 - Level 6.6 Transmutations
 - Level 12.0 Evocations


You had 16 spell levels left.
You knew the following spells:

 Your Spells              Type           Power      Damage    Failure   Level
a - Summon Small Mammal   Summ           4%         N/A       36%         1
b - Apportation           Tloc           2%         N/A       36%         1
c - Swiftness             Air            1%         N/A       75%         3
d - Wereblood             Tmut           24%        N/A       3%          2
e - Passwall              Tmut/Erth      10%        N/A       14%         2

Your spell library contained the following spells:

 Spells                   Type           Power      Damage    Failure   Level
 Beastly Appendage        Tmut           48%        N/A       2%          1
 Sting                    Tmut/Pois      48%        1d5       10%         1
 Spider Form              Tmut/Pois      12%        N/A       28%         3
 Necrotise                Necr           4%         1d4       36%         1
 Shock                    Conj/Air       4%         1d3       36%         1
 Ignite Poison            Fire/Tmut/Pois 9%         N/A       43%         3
 Ensorcelled Hibernation  Hex/Ice        2%         N/A       50%         2
 Poisonous Vapours        Pois/Air       2%         N/A       50%         2
 Call Canine Familiar     Summ           1%         N/A       75%         3
 Confusing Touch          Hex            1%         N/A       75%         3
 Dazzling Flash           Conj/Hex       2%         N/A       75%         3
 Inner Flame              Hex/Fire       1%         N/A       75%         3
 Kindle Blastsparks       Fire/Tloc/Air  2%         2d10      75%         3
 Mephitic Cloud           Conj/Pois/Air  1%         N/A       75%         3
 Ozocubu's Armour         Ice            1%         N/A       75%         3
 Stone Arrow              Conj/Erth      2%         3d7       75%         3
 Summon Guardian Golem    Hex/Summ       1%         N/A       75%         3
 Vampiric Draining        Necr           1%         2d6       75%         3
 Airstrike                Air            0%         2d(1-17)  98%         4
 Anguish                  Hex/Necr       0%         N/A       98%         4
 Animate Armour           Summ/Erth      2%         N/A       98%         4
 Animate Dead             Necr           1%         N/A       98%         4
 Cause Fear               Hex            0%         N/A       98%         4
 Flame Wave               Conj/Fire      1%         2d4       98%         4
 Fulminant Prism          Conj/Hex       0%         3d6       98%         4
 Iskenderun's Mystic Bla  Conj/Tloc      1%         2d3       98%         4
 Leda's Liquefaction      Hex/Erth       0%         N/A       98%         4
 Olgreb's Toxic Radiance  Pois           1%         N/A       98%         4
 Passage of Golubria      Tloc           1%         N/A       98%         4
 Sticky Flame             Conj/Fire      1%         2d3       98%         4
 Agony                    Necr           1%         N/A       100%        5
 Borgnjor's Vile Clutch   Necr/Erth      0%         N/A       100%        5
 Fireball                 Conj/Fire      0%         3d3       100%        5
 Freezing Cloud           Conj/Ice/Air   0%         6-21      100%        5
 Lee's Rapid Deconstruct  Erth           0%         3d5*      100%        5
 Silence                  Hex/Air        0%         N/A       100%        5
 Summon Forest            Summ/Tloc      0%         N/A       100%        5
 Summon Mana Viper        Hex/Summ       1%         N/A       100%        5
 Conjure Ball Lightning   Conj/Air       0%         3x3d6     100%        6
 Death Channel            Necr           0%         N/A       100%        6
 Dispersal                Tloc           0%         N/A       100%        6
 Eringya's Noxious Bog    Tmut/Pois      6%         N/A       100%        6
 Simulacrum               Ice/Necr       0%         N/A       100%        6
 Starburst                Conj/Fire      0%         6d3       100%        6
 Statue Form              Tmut/Erth      8%         N/A       100%        6
 Enfeeble                 Hex            0%         N/A       100%        7
 Ozocubu's Refrigeration  Ice            0%         4d7       100%        7
 Summon Hydra             Summ           0%         N/A       100%        7
 Discord                  Hex            0%         N/A       100%        8
 Disjunction              Tloc           0%         N/A       100%        8
 Ignition                 Fire           0%         3d3       100%        8
 Lehudib's Crystal Spear  Conj/Erth      0%         10d2      100%        8
 Polar Vortex             Ice            0%         N/A       100%        9


Dungeon Overview and Level Annotations

Branches:
Dungeon (15/15)            Temple (1/1) D:4            Lair (5/5) D:9
 Shoals (4/4) Lair:3       Spider (4/4) Lair:3        Slime (0/5) Lair:4
    Orc (2/2) D:10            Elf (1/3) Orc:2        Vaults (4/5) D:14
 Depths (4/4) D:15            Zot (0/5) Depths:4     Bailey (visited)
 WizLab (visited)
  Crypt: Vaults:2-3

Altars:
Ashenzari
Dithmenos
Elyvilon
Fedhas
Gozag
Hepliaklqana
Kikubaaqudgha
Makhleb
Nemelex Xobeh
Okawaru
Qazlal
Ru
Sif Muna
Trog
Uskayaw
Vehumet
Wu Jian
Xom
Yredelemnul
Zin
Jiyva

Shops:
D:8 =   D:11 =   Orc:2 ?*:([   Depths:1 *

Portals:
Hell: Depths:1 Depths:2 Depths:3 Depths:4
Abyss: Depths:1 Depths:2
Pandemonium: Depths:1 Depths:2

Annotations:
D:2 exclusion: downstairs
D:4 exclusion: downstairs
D:5 exclusion: 2 gnolls, Grinder
D:6 3 runed translucent doors, Vadun's ghost, novice MiFi
D:8 exclusion: downstairs
Shoals:1 exclusion: kraken


Innate Abilities, Weirdness & Mutations

You are amphibious.
You cover ground slowly.
You are weak. (Str -2)
Your cowardice makes you less effective in combat with threatening foes.
You cannot train Armour skill.
You are unskilled. (-2 Apt)
You are missing an eye, making it more difficult to aim.
You can hop long distances.
You have an extended range of vision and can be seen from far away.
You are partially covered in iridescent scales. (AC +2)
Your natural rate of healing is unusually fast.
Your movements are slightly less encumbered by armour. (ER -2)


Message History

You hit the vault guard.
The vault guard is severely wounded.
The vault warden hits you with a +0 great sword of flaming!!!
The vault warden burns you.
You focus your inner power and illuminate the vault warden in retribution!
You block the vault guard's attack.
You riposte.
You barely miss the vault guard.
The vault guard is severely wounded.
You closely miss the vault guard.
The vault guard is severely wounded.
The vault warden hits you with a +0 great sword of flaming!!!
The vault warden burns you.
The vault guard is stunned by your conviction and fails to attack.
You slice the ironbound convoker!!
The ironbound convoker is severely wounded.
Unknown command.
You slash the ironbound convoker!
You feel a bit better.
You kill the ironbound convoker!
The vault warden misses you.
The vault guard hits you with a +0 battleaxe!
Unknown command.
You slash the vault guard!
The vault guard is almost dead.
You block the vault warden's attack.
You riposte.
You slice the vault warden!!
The vault warden is heavily wounded.
The vault guard misses you.
You riposte.
You slash the vault guard!
The vault guard is almost dead.
Unknown command.
You slash the vault guard!
You feel a bit better.
You kill the vault guard!
You hit the vault warden.
The vault warden is heavily wounded.
You howl as the wereblood boils in your veins!
The vault warden is stunned by your conviction and fails to attack.
You slice the vault warden!!
The vault warden is almost dead.
The vault warden hits you with a +0 great sword of flaming!!!
* * * LOW HITPOINT WARNING * * *
The vault warden burns you!
You die...

#......#......#
#......'......#
#..##..#..##..#
#..##..#..##..#
#......#......#
#......#......#
##+#########'##
#......#......#
#)@)...#......#
#)p##..#..##..#####
#..# ..#..##..'....
#... .+......'....
#... #......#....
#+### ########....
#. #..#. #. #.##.
#. #..#.


You could see a vault warden (strong, corona).

Vanquished Creatures
  A juggernaut (Depths:2)
  Vv (Depths:3)
  A caustic shrike (Depths:2)
  7 golden dragons
  2 bone dragons
  Nikola (Depths:2)
  Arachne (Spider:2)
  Rupert (Lair:3)
  2 tentacled monstrosities
  3 walking earthen tomes
  3 liches (Depths:2)
  2 walking divine tomes
  3 titans
  Polyphemus (Shoals:4)
  4 acid blobs (D:12)
  2 sphinxes
  2 tentacled starspawn (Abyss:3)
  A tengu reaver (Depths:2)
  A storm dragon (Depths:4)
  A strange machine (WizLab)
  2 shadow dragons
  Donald (Spider:4)
  Roxanne (D:15)
  Agnes (Spider:1)
  2 azure jellies (D:12)
  11 frost giants
  4 emperor scorpions
  An iron dragon (Depths:3)
  8 fire giants
  Louise (D:15)
  2 draconian stormcallers (Depths:4)
  A balrug (Depths:4)
  12 vault wardens
  2 orc warlords
  4 ghost moths
  10 stone giants
  3 war gargoyles
  A juggernaut skeleton (Depths:1)
  15 ironbound preservers
  14 very ugly things
  4 ironbound thunderhulks
  5 vampire knights
  4 broodmothers
  A quicksilver ooze (D:12)
  A lorocyproca (Depths:1)
  3 black draconians (Depths:4)
  A purple draconian (Depths:4)
  2 white draconians (Depths:4)
  2 red draconians (Depths:4)
  Azrael (D:13)
  3 dire elephants (Vaults:3)
  9 spark wasps
  A fire dragon (shapeshifter) (D:13)
  A crystal guardian (Vaults:4)
  An eidolon (Vaults:2)
  9 ettins
  4 merfolk javelineers
  13 fire dragons
  8 yaktaur captains
  A jiangshi (Vaults:2)
  A spriggan zombie (Abyss:2)
  Josephine (D:13)
  The ghost of Rezos the Severer, a journeyman MiFi of the Shining One (D:12)
  12 merfolk impalers
  13 ice dragons
  6 great orbs of eyes
  5 entropy weavers
  Harold (Lair:1)
  4 hydras
  9 rakshasas (WizLab)
  3 peacekeepers
  7 vault guards
  6 spriggan air magi
  2 radroaches
  An ogre mage (D:14)
  A jorogumo (Spider:2)
  An alligator snapping turtle (Shoals:3)
  4 merfolk avatars
  5 catoblepae
  7 ironbound frosthearts
  6 merfolk aquamancers
  7 boulder beetles
  14 centaur warriors
  2 two-headed ogres
  A two-headed ogre (shapeshifter) (D:15)
  10 tengu warriors
  A satyr (Shoals:3)
  9 deep troll earth magi
  7 death yaks
  9 deep troll shamans
  3 spriggan berserkers
  An orc high priest (Orc:2)
  A vampire mage (Depths:2)
  6 dancing weapons (WizLab)
  A soul eater (Depths:1)
  Urug (Lair:4)
  A hell hog (Depths:4)
  3 hell knights (Depths:2)
  3 wretched stars
  Amaemon (Lair:1)
  A skeletal warrior (D:14)
  A fire crab (shapeshifter) (Spider:2)
  3 pharaoh ants
  6 iron trolls
  Lodul (D:14)
  A deep elf archer (Elf:1)
  4 glowing orange brains
  A salamander mystic (Depths:4)
  7 steelbarb worms
  12 sea snakes
  70 deep trolls
  2 flayed ghosts
  8 orb spiders
  A swamp dragon (Lair:5)
  7 wizards
  22 harpies
  8 lindwurms
  A sphinx zombie (Vaults:3)
  3 necromancers
  2 orange crystal statues
  A phantasmal warrior (Vaults:2)
  2 deep elf zephyrmancers (Elf:1)
  A wolf spider zombie (D:15)
  6 deep elf pyromancers
  25 ugly things
  4 orc knights
  8 ironbound convokers
  A frost giant zombie (Depths:1)
  14 manticores
  An orc sorcerer (D:10)
  15 wolf spiders
  18 fauns
  2 worldbinders
  3 salamanders (Depths:4)
  A will-o-the-wisp (Abyss:3)
  An oklob plant (Orc:2)
  2 centaur zombies (D:15)
  Maurice (D:13)
  4 moths of wrath
  9 elephants
  An iron dragon skeleton (Vaults:3)
  3 black mambas
  11 water nymphs
  12 cyclopes
  A stone giant skeleton (Vaults:3)
  8 smoke demons
  8 merfolk sirens
  17 vault sentinels
  Joseph (D:7)
  6 cane toads
  A naga mage (D:15)
  An orange demon (Lair:1)
  6 rime drakes
  A centaur skeleton (D:14)
  4 gargoyles
  7 demonic crawlers
  6 torpor snails
  A freezing wraith (D:14)
  Maggie (D:6)
  11 komodo dragons
  43 yaktaurs
  A tengu conjurer (D:13)
  An efreet (D:9)
  A komodo dragon (shapeshifter) (Depths:3)
  2 hellwings (D:11)
  2 unseen horrors
  3 ice devils
  12 meliai
  33 merfolk
  5 trolls
  An ancient zyme (Abyss:3)
  A queen bee (Abyss:3)
  A tarantella (shapeshifter) (Depths:2)
  A polar bear (Lair:4)
  A troll (shapeshifter) (D:14)
  9 hornets
  Prince Ribbit (D:9)
  2 large abominations (Abyss:2)
  A harpy skeleton (Abyss:2)
  19 blink frogs
  A slime creature (shapeshifter) (D:15)
  13 wind drakes
  18 tarantellas
  A raiju (Abyss:2)
  16 dream sheep
  A frost giant simulacrum (Depths:1)
  41 slime creatures
  12 snapping turtles
  4 spriggans
  23 culicivoras
  A yak (shapeshifter) (D:9)
  30 jumping spiders
  28 water elementals
  39 yaks
  6 air elementals (Shoals:4)
  2 wyverns
  6 vampires
  7 wraiths
  3 shadows
  Eustachio (D:5)
  4 basilisks
  A basilisk (shapeshifter) (D:14)
  2 chaos spawn
  3 neqoxecs
  Grum (Lair:1)
  4 fire elementals (D:13)
  62 redbacks
  A yaktaur simulacrum (Vaults:3)
  4 vampire mosquitoes (D:12)
  4 steam dragons
  7 wargs
  6 acid dragons
  A floating eye (shapeshifter) (D:9)
  9 water moccasins
  A swamp drake (Lair:5)
  23 orc warriors
  4 hell hounds (D:13)
  2 black bears
  An ice beast (D:8)
  An ice beast (shapeshifter) (Depths:2)
  8 centaurs
  16 ogres
  15 wolves
  11 kobold brigands
  A phantom (D:10)
  A necrophage (D:6)
  8 bullfrogs
  2 scorpions
  A wyvern zombie (D:6)
  4 wights
  2 troll zombies (D:10)
  14 killer bees
  7 howler monkeys
  3 electric eels
  A bullfrog zombie (D:6)
  4 quasits
  7 hounds
  9 jellies
  A human simulacrum (Vaults:3)
  A gnoll bouda (D:7)
  18 orc priests
  An iron imp (Abyss:2)
  Jessica (D:2)
  7 iguanas
  31 orc wizards
  4 small abominations (Abyss:3)
  2 boggart skeletons (D:14)
  4 ogre zombies (D:10)
  8 adders
  10 gnolls
  2 white imps
  4 ufetubi
  2 worms (D:2)
  7 dart slugs
  75 orcs
  11 ball pythons
  5 bats
  19 endoplasms
  5 giant cockroaches
  10 goblins
  8 hobgoblins
  2 quokkas
  A frilled lizard (D:3)
  A goblin skeleton (D:10)
  3 hobgoblin skeletons (D:10)
  22 kobolds
  2 orc skeletons (D:10)
  12 orc zombies (D:10)
  8 rats
  A starspawn tentacle (Abyss:3)
  4 tentacles (Shoals:3)
1714 creatures vanquished.

Vanquished Creatures (collateral kills)
  An emperor scorpion (Spider:4)
  A moth of wrath (Spider:4)
2 creatures vanquished.

Vanquished Creatures (others)
  A golden dragon (Depths:2)
  A tentacled starspawn (Abyss:3)
  A kraken (Shoals:3)
  A very ugly thing (Abyss:3)
  An ironbound thunderhulk (Vaults:4)
  Nessos (D:15)
  A stone giant (Depths:1)
  An ettin (Depths:2)
  A centaur warrior (Vaults:1)
  A two-headed ogre (D:13)
  A deep troll shaman (Depths:3)
  A deep troll earth mage (Depths:2)
  A pharaoh ant (Spider:4)
  A sea snake (Shoals:2)
  A deep troll (Vaults:4)
  A flayed ghost (Depths:2)
  A harpy (Shoals:2)
  2 wizards
  An ugly thing (Depths:4)
  A wolf spider (Spider:3)
  A centaur skeleton (D:14)
  A cane toad (Lair:5)
  A tengu conjurer (Depths:2)
  A yaktaur (Vaults:3)
  A slime creature (Vaults:1)
  A jumping spider (Spider:1)
  A basilisk (Lair:4)
  4 redbacks
  A centaur (D:14)
  2 bullfrogs (Lair:4)
  An orc priest (D:7)
  37 fungi
  131 plants
  5 starspawn tentacles (Abyss:3)
  8 tentacles (Shoals:3)
217 creatures vanquished.

Grand Total: 1933 creatures vanquished

Notes
Turn   | Place    | Note
-------+----------+-------------------------------------------
     0 | D:1      | Monkooky the Barachi Wanderer began the quest for the Orb.
     0 | D:1      | Monkooky set off with the following items: a +2 falchion, a
                  | scroll of teleportation, a wand of flame (7), a scroll of
                  | summoning, a +0 leather armour.
     0 | D:1      | Reached XP level 1. HP: 13/13 MP: 3/3
   167 | D:1      | Reached skill level 1 in Fighting
   251 | D:1      | Reached XP level 2. HP: 11/22 MP: 5/5
   753 | D:1      | Reached XP level 3. HP: 29/29 MP: 6/6
   799 | D:1      | Found a faded altar of an unknown god.
  1422 | D:2      | Reached XP level 4. HP: 36/37 MP: 7/7
  1681 | D:2      | Noticed Jessica
  1685 | D:2      | Killed Jessica
  1836 | D:3      | Reached skill level 5 in Fighting
  1858 | D:3      | Reached skill level 5 in Long Blades
  1858 | D:3      | Reached XP level 5. HP: 42/44 MP: 8/8
  2008 | D:3      | Identified the +5 short sword of Pain and Death {vorpal,
                  | Str+4 Dex+5}
  2354 | D:3      | Found an ornate altar of the Wu Jian Council.
  2560 | D:3      | Learned a level 1 spell: Summon Small Mammal
  2594 | D:3      | Reached XP level 6. HP: 33/51 MP: 9/9
  2728 | D:3      | Learned a level 1 spell: Apportation
  3144 | D:4      | Found a staircase to the Ecumenical Temple.
  3153 | Temple   | Entered the Ecumenical Temple
  3191 | Temple   | Became a worshipper of Ru the Awakened
  3250 | D:4      | Found a shimmering blue altar of Sif Muna.
  3636 | D:4      | Reached XP level 7. HP: 56/56 MP: 10/10
  3812 | D:5      | Entered Level 5 of the Dungeon
  3852 | D:5      | Noticed Grinder
  3873 | D:5      | Noticed Eustachio
  4287 | D:5      | Reached skill level 10 in Long Blades
  4393 | D:5      | Reached XP level 8. HP: 58/62 MP: 11/11
  4427 | D:5      | HP: 2/62 [shadow imp[Eustachio] (4)]
  4428 | D:5      | Killed Eustachio
  5067 | D:6      | Gained mutation: You cannot train Armour skill. [Ru
                  | sacrifice]
  5067 | D:6      | Reached * piety under Ru
  5166 | D:6      | Noticed Maggie
  5176 | D:6      | Killed Maggie
  5177 | D:6      | Reached skill level 5 in Evocations
  5636 | D:6      | Got the Vellum of Voltaic Illusion
  5679 | D:6      | Found a runed translucent gate.
  5679 | D:6      | Found a runed translucent gate.
  5679 | D:6      | Found a runed translucent gate.
  5679 | D:6      | Noticed Vadun's ghost (novice MiFi)
  5681 | D:6      | Found a basalt altar of Yredelemnul.
  5695 | D:6      | Reached XP level 9. HP: 48/68 MP: 12/12
  6280 | D:6      | Upgraded the game from 0.30-a0-140-gd1020e658a to
                  | 0.30-a0-141-g30f27751c5
  6380 | D:7      | Reached skill level 5 in Dodging
  7017 | D:7      | Noticed Joseph
  7037 | D:7      | Killed Joseph
  7363 | D:8      | You fall into a shaft and drop 2 floors!
  7363 | D:10     | Entered Level 10 of the Dungeon
  7393 | D:10     | Identified the +5 short sword of Kam Xix {freeze, Will+
                  | rCorr Str-4}
  7743 | D:10     | Noticed a troll
  7955 | D:9      | Found a flagged portal.
  7966 | Bailey   | Entered a bailey
  8035 | Bailey   | HP: 3/68 [kobold brigand/+0 war axe (13)]
  8355 | Bailey   | Reached skill level 1 in Throwing
  8395 | Bailey   | Reached XP level 10. HP: 43/75 MP: 13/13
  8417 | Bailey   | Gained mutation: You are somewhat unskilled. (-1 Apt) [Ru
                  | sacrifice]
  8417 | Bailey   | Reduced skill Long Blades to level 10
  8417 | Bailey   | Reduced skill Evocations to level 5
  8417 | Bailey   | Reached ** piety under Ru
  8417 | Bailey   | Reached *** piety under Ru
  8573 | Bailey   | Found a burning altar of Makhleb.
  8669 | D:8      | Reached skill level 1 in Stealth
  8840 | D:8      | Found Hurhoqer's Jewellery Shop.
  9743 | D:9      | Found a shadowy altar of Dithmenos.
  9744 | D:9      | Identified the ring "Pum Zod" {rElec rCorr}
  9936 | D:9      | Noticed Prince Ribbit
  9952 | D:9      | Killed Prince Ribbit
 10255 | D:9      | Reached skill level 5 in Stealth
 10454 | D:9      | Noticed an elephant
 10509 | D:9      | Noticed a tengu warrior
 10509 | D:9      | Noticed a wizard
 10534 | D:9      | Killed a wizard
 10779 | D:9      | Noticed a deep elf pyromancer
 10988 | D:9      | Killed a tengu warrior
 11129 | D:9      | Noticed a centaur warrior
 11139 | D:9      | Reached XP level 11. HP: 54/79 MP: 14/14
 11149 | D:9      | Killed a centaur warrior
 11169 | D:9      | Noticed a brown ugly thing
 11205 | D:9      | Killed a brown ugly thing
 11432 | D:9      | Identified the ring of Inlehide {Fire rPois}
 11495 | D:9      | Identified the ring "Uqirchar" {rCorr Str+4}
 11495 | D:9      | Noticed a skeletal warrior
 11585 | D:9      | Identified the ring of Dagiec {rC++ rN+ Int+4}
 11755 | D:9      | Found a staircase to the Lair.
 11772 | D:9      | Paralysed by a floating eye for 3 turns
 11777 | D:9      | Reached skill level 5 in Throwing
 12041 | D:9      | Identified the amulet "Ronef" {Faith rN+}
 12055 | D:9      | Killed a deep elf pyromancer
 12352 | D:10     | Identified the +7 arbalest of Irroffom {flame, rCorr Str+4}
 12373 | D:10     | Gained mutation: You are unskilled. (-2 Apt) [Ru sacrifice]
 12373 | D:10     | Reduced skill Throwing to level 5
 12373 | D:10     | Reduced skill Spellcasting to level 1
 12373 | D:10     | Reached **** piety under Ru
 12575 | D:10     | Noticed an orc sorcerer
 12585 | D:10     | Killed an orc sorcerer
 12600 | D:10     | Found a staircase to the Orcish Mines.
 12672 | D:10     | Reached skill level 5 in Fighting
 12829 | D:10     | Noticed a two-headed ogre
 12856 | D:10     | Killed a two-headed ogre
 13205 | D:11     | Found a portal to a secret trove of treasure.
 13712 | D:11     | Noticed a cyclops
 13728 | D:11     | Killed a cyclops
 13729 | D:11     | Reached XP level 12. HP: 45/92 MP: 14/14
 13998 | Lair:1   | Entered Level 1 of the Lair of Beasts
 14047 | Lair:1   | Noticed Grum
 14077 | Lair:1   | Killed Grum
 14361 | Lair:1   | Gained mutation: You are weak. (Str -2) [Ru sacrifice]
 14361 | Lair:1   | Reached ***** piety under Ru
 14405 | Lair:1   | Noticed Harold
 15010 | Lair:1   | Noticed Amaemon
 15027 | Lair:1   | Killed Amaemon
 15357 | Lair:1   | Killed Harold
 15630 | Lair:2   | Noticed a five-headed hydra
 15637 | Lair:2   | Killed a two-headed hydra
 15972 | Lair:2   | Gained mutation: You are missing an eye, making it more
                  | difficult to aim. [Ru sacrifice]
 16377 | Lair:2   | Identified the +7 long sword "Firi" {vorpal, rPois Will-
                  | Str+8 Dex-2}
 16657 | Lair:3   | Found a hole to the Spider Nest.
 16913 | Lair:3   | Found a staircase to the Shoals.
 17118 | Lair:3   | Noticed Rupert
 17137 | Lair:3   | Killed Rupert
 17138 | Lair:3   | Reached skill level 10 in Evocations
 17138 | Lair:3   | Gained mutation: You can hop long distances. [Barachi
                  | growth]
 17138 | Lair:3   | Reached XP level 13. HP: 86/101 MP: 8/15
 17149 | Lair:3   | Learned a level 3 spell: Swiftness
 17726 | Lair:3   | Gained mutation: Your cowardice makes you less effective in
                  | combat with threatening foes. [Ru sacrifice]
 17726 | Lair:3   | Reached ****** piety under Ru
 18199 | Lair:4   | Noticed Urug
 18211 | Lair:4   | Killed Urug
 18294 | Lair:4   | Identified 2 scrolls of acquirement
 18295 | Lair:4   | Acquired the +11 demon blade of Teikhich {vorpal, rC- Str+7
                  | Int-4 Dex+4}
 18297 | Lair:4   | Acquired the +2 pair of gloves of Philately {Regen+}
 18478 | Lair:4   | Reached skill level 1 in Shields
 19016 | Lair:4   | Found a staircase to the Slime Pits.
 19017 | Lair:4   | Found a viscous altar of Jiyva.
 19314 | Lair:5   | Entered Level 5 of the Lair of Beasts
 19616 | Lair:5   | Reached skill level 5 in Shields
 19901 | Lair:5   | Noticed a fire dragon
 19910 | Lair:5   | Killed a fire dragon
 20029 | Lair:5   | Reached XP level 14. HP: 99/103 MP: 16/16
 20319 | Lair:5   | Identified the +3 leather armour "Gekhetok" {rF+ rN+ SInv}
 20794 | Lair:5   | Identified the +1 chain mail of the Pits of Slime {rN+
                  | Will+}
 21301 | Orc:1    | Entered Level 1 of the Orcish Mines
 21615 | Orc:2    | Entered Level 2 of the Orcish Mines
 21616 | Orc:2    | Found a staircase to the Elven Halls.
 21647 | Orc:2    | Reached skill level 1 in Transmutations
 21662 | Orc:2    | Learned a level 2 spell: Wereblood
 21975 | Orc:2    | Noticed an orc warlord
 22147 | Orc:2    | Found Lyoxkin's Assorted Antiques.
 22160 | Orc:2    | Killed an orc warlord
 22245 | Orc:2    | Bought a fine bronze ring for 105 gold pieces
 22245 | Orc:2    | Identified the ring "Ivefamp" {*Corrode Str+6 Dex+5} (You
                  | bought it in a shop on level 2 of the Orcish Mines)
 22293 | Orc:2    | Found Somipnaf's Antique Weapon Shoppe.
 22300 | Orc:2    | Found Diulimm's Antique Armour Emporium.
 22450 | Orc:2    | Found Yjaefrump's Magic Scroll Boutique.
 22479 | Orc:2    | Bought a scroll of blinking for 90 gold pieces
 22479 | Orc:2    | Bought a scroll of identify for 24 gold pieces
 22479 | Orc:2    | Bought a scroll of poison for 48 gold pieces
 22479 | Orc:2    | Bought a scroll of identify for 24 gold pieces
 22479 | Orc:2    | Bought a scroll of immolation for 48 gold pieces
 22592 | Orc:2    | Found Zast's Book Shop.
 23255 | D:11     | Gained mutation: You sometimes lose your temper in combat.
                  | [a neqoxec]
 23260 | D:11     | Gained mutation: You have an uncontrollable temper. [a
                  | neqoxec]
 23262 | D:11     | Reached skill level 5 in Transmutations
 23697 | D:11     | Found Qukusch's One-of-a-Kind Rings.
 23763 | D:11     | Bought a +9 ring of dexterity for 1170 gold pieces
 23893 | D:12     | Reached XP level 15. HP: 106/107 MP: 17/17
 23994 | D:12     | Found a runed translucent gate.
 23994 | D:12     | Found a runed translucent gate.
 23994 | D:12     | Found a runed translucent gate.
 23998 | D:12     | Noticed an acid blob
 24000 | D:12     | Noticed an acid blob
 24000 | D:12     | Noticed Rezos's ghost (journeyman MiFi)
 24000 | D:12     | Noticed an acid blob
 24000 | D:12     | Noticed an azure jelly
 24002 | D:12     | Noticed an acid blob
 24002 | D:12     | Noticed an azure jelly
 24004 | D:12     | Found a viscous altar of Jiyva.
 24011 | D:12     | Killed an acid blob
 24011 | D:12     | Killed Rezos's ghost
 24011 | D:12     | Killed an azure jelly
 24011 | D:12     | Killed an acid blob
 24011 | D:12     | Killed an acid blob
 24011 | D:12     | Killed an acid blob
 24011 | D:12     | Killed an azure jelly
 24620 | D:13     | Noticed Josephine
 24831 | Shoals:1 | Entered Level 1 of the Shoals
 25098 | Shoals:1 | Noticed a kraken
 25387 | Shoals:1 | Reached skill level 10 in Dodging
 25450 | Shoals:1 | Reached skill level 10 in Shields
 26291 | Shoals:2 | Reached XP level 16. HP: 120/125 MP: 15/18
 27240 | Shoals:3 | Found a transporter.
 27292 | Shoals:3 | Found a transporter.
 27718 | Shoals:3 | Found a glowing silver altar of Zin.
 27724 | Shoals:3 | Noticed a kraken
 27799 | Shoals:3 | Killed a kraken
 28265 | Shoals:4 | Entered Level 4 of the Shoals
 28566 | Shoals:3 | Lost mutation: You have an uncontrollable temper. [potion
                  | of mutation]
 28566 | Shoals:3 | Lost mutation: You sometimes lose your temper in combat.
                  | [potion of mutation]
 28566 | Shoals:3 | Gained mutation: You occasionally lose the ability to drink
                  | potions when taking damage. [potion of mutation]
 28566 | Shoals:3 | Gained mutation: You sometimes lose the ability to drink
                  | potions when taking damage. [potion of mutation]
 28566 | Shoals:3 | Gained mutation: A frigid envelope surrounds you and
                  | freezes all who hurt you. [potion of mutation]
 28567 | Shoals:3 | Lost mutation: A frigid envelope surrounds you and freezes
                  | all who hurt you. [potion of mutation]
 28567 | Shoals:3 | Lost mutation: You sometimes lose the ability to drink
                  | potions when taking damage. [potion of mutation]
 28567 | Shoals:3 | Gained mutation: You have supernaturally acute eyesight.
                  | (SInv) [potion of mutation]
 28601 | Shoals:4 | Identified the ring of Dishonour {rF+ rCorr MP+9 Str+2}
 28627 | Shoals:4 | Paralysed by an air elemental for 1 turns
 28629 | Shoals:4 | Paralysed by an air elemental for 1 turns
 28641 | Shoals:4 | Paralysed by an air elemental for 1 turns
 28719 | Shoals:4 | Paralysed by an air elemental for 1 turns
 28726 | Shoals:4 | Paralysed by an air elemental for 1 turns
 28736 | Shoals:4 | Noticed Polyphemus
 28755 | Shoals:4 | Killed Polyphemus
 28764 | Shoals:4 | Reached XP level 17. HP: 106/124 MP: 10/19
 28774 | Shoals:4 | Paralysed by an air elemental for 1 turns
 28774 | Shoals:4 | Noticed a titan
 28779 | Shoals:4 | Paralysed by an air elemental for 1 turns
 28787 | Shoals:4 | Found an iron altar of Okawaru.
 28931 | Shoals:4 | Killed a titan
 28938 | Shoals:4 | Got a barnacled rune of Zot
 29634 | D:13     | Noticed Maurice
 29635 | D:13     | Noticed Azrael
 29646 | D:13     | Killed Maurice
 29647 | D:13     | Killed Azrael
 29821 | D:13     | Killed Josephine
 30562 | D:14     | Found a gate to the Vaults.
 30607 | D:14     | Noticed Lodul
 30612 | D:14     | Killed Lodul
 30745 | D:14     | Identified the +7 morningstar "Vysoett" {speed, rCorr
                  | Dex+7}
 31229 | D:14     | Lost mutation: You occasionally lose the ability to drink
                  | potions when taking damage. [potion of mutation]
 31229 | D:14     | Lost mutation: You have supernaturally acute eyesight.
                  | (SInv) [potion of mutation]
 31229 | D:14     | Gained mutation: You are partially covered in iridescent
                  | scales. (AC +2) [potion of mutation]
 31229 | D:14     | Gained mutation: Your natural rate of healing is unusually
                  | fast. [potion of mutation]
 31229 | D:14     | Gained mutation: Your movements are slightly less
                  | encumbered by armour. (ER -2) [potion of mutation]
 31240 | D:15     | Entered Level 15 of the Dungeon
 31274 | D:15     | Noticed Louise
 31296 | D:15     | Killed Louise
 31410 | D:15     | Noticed Nessos
 31411 | D:15     | Noticed Roxanne
 31443 | D:15     | Killed Nessos
 31482 | D:15     | Killed Roxanne
 31864 | Abyss:2  | Cast into level 2 of the Abyss (a wizard)
 32078 | Abyss:2  | Reached XP level 18. HP: 145/145 MP: 20/20
 32130 | Abyss:3  | Got an abyssal rune of Zot
 32142 | Abyss:3  | Noticed an ancient lich
 32168 | Abyss:3  | Noticed a bone dragon
 32193 | Abyss:3  | Killed a bone dragon
 32376 | D:15     | Escaped the Abyss
 32404 | D:15     | Found a staircase to the Depths.
 32715 | Spider:1 | Entered Level 1 of the Spider Nest
 32743 | Spider:1 | Noticed Agnes
 32744 | Spider:1 | Reached skill level 15 in Fighting
 32888 | Spider:1 | Killed Agnes
 33315 | Spider:1 | Got the Omnibus of Blasting and Fog
 33924 | Spider:2 | Noticed Arachne
 33939 | Spider:2 | Killed Arachne
 34951 | Orc:2    | Bought a potion of heal wounds for 105 gold pieces
 34951 | Orc:2    | Bought a scroll of enchant weapon for 157 gold pieces
 34951 | Orc:2    | Bought a lightning rod (4/4) for 630 gold pieces
 35027 | D:11     | You paid a toll of a +6 demon trident to enter a treasure
                  | trove
 35028 | Trove    | Entered a treasure trove
 35489 | Spider:2 | You fall into a shaft and drop 1 floor!
 35985 | Spider:3 | Reached XP level 19. HP: 133/161 MP: 21/21
 36359 | Spider:4 | Entered Level 4 of the Spider Nest
 36385 | Spider:4 | Noticed Donald
 36402 | Spider:4 | Killed Donald
 37312 | Spider:4 | Reached skill level 15 in Long Blades
 37475 | Spider:4 | Got a gossamer rune of Zot
 37914 | Depths:1 | Entered Level 1 of the Depths
 37915 | Depths:1 | Found a broken altar of Ashenzari.
 37986 | Depths:1 | Found a one-way gate leading to the halls of Pandemonium.
 38159 | Depths:1 | Paralysed by a sphinx for 2 turns
 38177 | Depths:1 | Found a gateway to Hell.
 38226 | Depths:1 | Found a magical portal.
 38236 | WizLab   | Entered Tukima's Studio
 38323 | WizLab   | Identified the +8 triple crossbow of Atyeh {speed, *Corrode
                  | rC+ Will+}
 38337 | WizLab   | Found the +0 pair of fencer's gloves {Riposte Dex+3}
 38342 | WizLab   | Reached skill level 1 in Ranged Weapons
 38393 | WizLab   | Reached skill level 2 in Ranged Weapons
 38402 | WizLab   | Got the Precepts of Interference
 38412 | WizLab   | Identified the +1 hat of Infinity {Will+ Int+3}
 39553 | Elf:1    | Entered Level 1 of the Elven Halls
 39575 | Elf:1    | Reached skill level 3 in Ranged Weapons
 39765 | Depths:1 | Found a one-way gate to the infinite horrors of the Abyss.
 39765 | Depths:1 | Found Otuuta Edom's Assorted Antiques.
 39805 | Depths:1 | Bought a smouldering plate armour for 924 gold pieces
 39805 | Depths:1 | Identified the +5 plate armour "Huzuag" {rElec rPois Int+7}
                  | (You bought it in a shop on level 1 of the Depths)
 39858 | Depths:1 | Reached skill level 4 in Ranged Weapons
 40149 | Depths:1 | Identified the +3 spear of Calamity {drain, *Rage rF+
                  | Str+4}
 40183 | Depths:1 | You fall into a shaft and drop 1 floor!
 40197 | Depths:2 | Noticed a golden dragon
 40211 | Depths:2 | Killed a golden dragon
 40212 | Depths:2 | Reached skill level 5 in Ranged Weapons
 40272 | Depths:2 | Reached XP level 20. HP: 153/153 MP: 22/22
 40412 | Depths:2 | Reached skill level 6 in Ranged Weapons
 40505 | Depths:2 | Noticed a golden dragon
 40529 | Depths:2 | Killed a golden dragon
 40531 | Depths:2 | Noticed Nikola
 40549 | Depths:2 | Killed Nikola
 40550 | Depths:2 | Reached skill level 7 in Ranged Weapons
 40598 | Depths:2 | Found a shadowy altar of Dithmenos.
 40598 | Depths:2 | Found a shimmering altar of Xom.
 40598 | Depths:2 | Found an iron altar of Okawaru.
 40746 | Depths:2 | Noticed a golden dragon
 40746 | Depths:2 | Noticed a caustic shrike
 40749 | Depths:2 | Reached skill level 8 in Ranged Weapons
 40750 | Depths:2 | Killed a caustic shrike
 40862 | Depths:2 | Reached skill level 9 in Ranged Weapons
 40903 | Depths:2 | Killed a golden dragon
 40988 | Depths:2 | Noticed a golden dragon
 40999 | Depths:2 | Killed a golden dragon
 41037 | Depths:2 | Identified the ring "Sellaxev" {rPois rF+ rN+ Dex-2 Slay+2}
 41049 | Depths:2 | Identified the +0 leather armour "Tappun" {-Tele rCorr
                  | Str+6}
 41055 | Depths:2 | Reached skill level 10 in Ranged Weapons
 41139 | Depths:2 | Identified the +4 robe of Truth {rC- Dex+3 Archmagi}
 41306 | Depths:2 | Noticed a golden dragon
 41315 | Depths:2 | Killed a golden dragon
 41337 | Depths:2 | Reached skill level 11 in Ranged Weapons
 41414 | Depths:2 | Noticed a juggernaut
 41430 | Depths:2 | Killed a juggernaut
 41760 | Depths:3 | Noticed a golden dragon
 41772 | Depths:3 | Killed a golden dragon
 41833 | Depths:3 | Noticed Vv
 41835 | Depths:3 | Reached XP level 21. HP: 149/165 MP: 12/23
 41851 | Depths:3 | Killed Vv
 41852 | Depths:3 | Reached skill level 12 in Ranged Weapons
 41907 | Depths:3 | Found a sacrificial altar of Ru.
 42102 | Depths:3 | Reached skill level 13 in Ranged Weapons
 42344 | Depths:3 | Identified the +3 demon trident of Patterns {elec, *Rage
                  | Will+ Int+9}
 42794 | Depths:4 | Entered Level 4 of the Depths
 42960 | Depths:4 | Noticed a golden dragon
 42966 | Depths:4 | Reached skill level 14 in Ranged Weapons
 42982 | Depths:4 | Killed a golden dragon
 44121 | Depths:4 | Found a gate to the Realm of Zot.
 44121 | Depths:4 | Noticed a bone dragon
 44130 | Depths:4 | Killed a bone dragon
 44141 | Depths:4 | Noticed a golden dragon
 44167 | Depths:4 | Killed a golden dragon
 44168 | Depths:4 | Reached skill level 15 in Ranged Weapons
 44775 | Depths:4 | Reached XP level 22. HP: 103/181 MP: 24/24
 45449 | Vaults:1 | Entered Level 1 of the Vaults
 45755 | Vaults:1 | Reached skill level 16 in Ranged Weapons
 46161 | Vaults:1 | Found a gateway to a bazaar.
 46177 | Bazaar   | Entered a bazaar
 46181 | Bazaar   | Found Buoveliu's General Store.
 46196 | Bazaar   | Found Tanee's Book Emporium.
 46211 | Bazaar   | Found Acweomyan's General Store.
 46222 | Bazaar   | Found Ydeucrac's Book Shop.
 46255 | Bazaar   | Bought a scroll of teleportation for 48 gold pieces
 46255 | Bazaar   | Bought a scroll of fear for 64 gold pieces
 46255 | Bazaar   | Bought a potion of attraction for 48 gold pieces
 46272 | Bazaar   | Bought 2 potions of curing for 72 gold pieces
 46272 | Bazaar   | Bought a potion of ambrosia for 96 gold pieces
 46272 | Bazaar   | Bought a scroll of immolation for 48 gold pieces
 46281 | Bazaar   | Bought a book of Burglary for 400 gold pieces
 46284 | Bazaar   | Learned a level 2 spell: Passwall
 47003 | Vaults:2 | Reached skill level 17 in Ranged Weapons
 47723 | Vaults:2 | You fall into a shaft and drop 1 floor!
 47927 | Vaults:3 | Reached skill level 18 in Ranged Weapons
 48340 | Vaults:3 | Reached XP level 23. HP: 162/187 MP: 25/25
 49342 | Vaults:4 | Reached skill level 19 in Ranged Weapons
 50019 | Vaults:4 | Identified the +9 dagger "Sarcophage" {freeze, Str+3}
 50105 | Vaults:4 | HP: 7/177 [vault warden/+0 great sword of flaming (59)]
 50105 | Vaults:4 | Slain by a vault warden

Illustrated notes

Levels and vault maps discovered:
D:1:      dpeg_arrival_rooms_with_view, layout_rooms,
          shapermc_ecumenical_altar_mp_highgroup, minmay_misc_feat_enclosed,
          grunt_decor_fettered
D:2:      layout_loops_ring, minmay_pentomino_x2, uniq_jessica
D:3:      layout_loops_ring, pdpol_wu_jian_five_deadly_venoms
D:4:      layout_rooms, mainiacjoe_overflow_cross_hatched,
          minmay_temple_entry_hall
D:5:      layout_cave_pools, chei_slow_surprise, mainiacjoe_overflow_swirl,
          minmay_chambers_of_fives, uniq_ijyb, uniq_grinder, uniq_eustachio
D:6:      layout_layer_cave, nicolae_yredelemnul_ghost_church, uniq_maggie
D:7:      layout_cave_pools, hangedman_decor_diamond_cutter, st_stairs_10,
          corexii_leaking_fountain, uniq_joseph
D:8:      layout_rooms, serial_shops, nicolae_diamond_shop
D:9:      minmay_the_grid_triangle_9x9_recursive_2
          [minmay_the_grid_triangle_9x9_prize_special,
          minmay_the_grid_triangle_9x9_corrupted_corridor,
          minmay_the_grid_triangle_9x9_warning,
          minmay_the_grid_triangle_9x9_skeleton], layout_layer_cave,
          grunt_dithmenos_smoke, david_lair_generic, enter_bailey_2,
          uniq_prince_ribbit1
D:10:     layout_basic, zombieorc1_lemuel
D:11:     layout_irregular_city, serial_demonic, serial_demonic_a,
          serial_demonic_d, serial_demonic_a, serial_demonic_d,
          nicolae_trove_entry_isolated, chequers_garden,
          nicolae_shop_unique_rings, grunt_ministairs_7
D:12:     layout_basic, gammafunk_ghost_ooze
D:13:     layout_cave_pools, dreamdust_princess_bridge,
          kennysheep_generic_room_15, uniq_maurice, uniq_josephine, uniq_azrael
D:14:     layout_grid_maze, hangedman_vaults_entry_quadrant_bands, uniq_lodul
D:15:     grunt_enter_depths_magical_seal, layout_irregular_city, uniq_roxanne,
          uniq_louise, uniq_nessos
Temple:   hellmonk_temple_of_storms
Lair:1:   beast_lair_carwin_large_3, layout_chaotic_city, uniq_harold,
          uniq_grum, uniq_amaemon
Lair:2:   lemuel_slime, layout_gridlike, grunt_megastairs_5
Lair:3:   layout_gridlike, minmay_shoals_entry_lonely_mermaid,
          spider_nest_entry_rubble, st_stairs_4, uniq_rupert
Lair:4:   layout_small_grid, slime_entry_1, serial_bayou_pond_c,
          kennysheep_catoblepas_arena, infiniplex_staircase_pool, uniq_urug
Lair:5:   hangedman_lair_in_review, layout_cave_pods, guppyfry_lair_end_dragon
Shoals:1: layout_shoals
Shoals:2: layout_shoals
Shoals:3: gammafunk_sealed_arena, layout_shoals, wheals_shoals_ruined_temple
Shoals:4: shoals_end_hellmonk_storm_palace [storm_palace_center_ruins,
          storm_palace_corner_reverse_hut, storm_palace_corner_altar,
          storm_palace_corner_narrow, storm_palace_corner_pillars],
          uniq_polyphemus
Spider:1: layout_spider_delve, drop_trap, nicolae_spider_wall_of_niches,
          uniq_agnes
Spider:2: layout_spider_delve, hellmonk_deceptive_appearances, uniq_arachne
Spider:3: layout_spider_delve, hangedman_spider_tarantella_strand
Spider:4: spider_rune_water, uniq_donald
Orc:1:    layout_diamond_mine, basic_altar
Orc:2:    grunt_orc_community_town_hall, layout_caves,
          grunt_orc_community_big_house_1, grunt_orc_community_big_house_2,
          grunt_orc_community_house_2, grunt_orc_community_house_3,
          grunt_orc_community_house_2, grunt_orc_community_house_2,
          serial_shops, nicolae_shop_behind_doors, mines3_lemuel
Elf:1:    layout_gridlike, minmay_elf_crystal_hexagon
Vaults:1: v_alt_pattern_3, nicolae_vaults_little_squares_2,
          nicolae_vaults_puzzle_piece, ontoclasm_vaults_decontamination,
          v_misc_5, nicolae_vaults_little_squares_3, dpeg_vaults_monster_box,
          nicolae_vaults_specimen_jars, nicolae_vaults_bisected_slash,
          nicolae_vaults_little_squares_3, vaults_dpeg_ring,
          vaults_room_door_ring, layout_vaults_chaotic_city, serial_shops,
          bzr_in_the_mist
Vaults:2: v_misc_5, ontoclasm_vaults_twist, ontoclasm_vaults_ring_large,
          v_pattern_2, nicolae_vaults_windows_and_doors_thing,
          minmay_crypt_entry_simple_statues, nicolae_vaults_yaktaur_gun_rack,
          vaults_standard_mumra_lines, v_misc_16, hangedman_vaults_corner,
          layout_vaults_ring, serial_shops, shop
Vaults:3: v_alt_pattern_1, hangedman_vaults_restitches, grunt_vaults_diagonal,
          nicolae_vaults_little_ls, hangedman_vaults_cutoff, v_misc_11,
          nicolae_vaults_statue_guard, serial_ice_h, layout_vaults_omnigrid
Vaults:4: nicolae_vaults_border_crossing, ontoclasm_vaults_hangar,
          v_alt_pattern_6, ontoclasm_vaults_hangar, ontoclasm_vaults_ring_large,
          ontoclasm_vaults_claustrophobia, grunt_vaults_funnel, v_misc_8,
          v_alt_pattern_3, v_misc_29, v_pattern_1, v_misc_11,
          layout_vaults_omnibox, uniq_margery
Depths:1: layout_gridlike, ziggurat_fallback, rand_demon_pan_entry_3,
          serial_shops, shop, mu_enter_wizlab_5, abyss_entry,
          cheibrodos_ashenzari_chains, pf_dread_powers_of_hell,
          minmay_misc_feat_iff, minivault_14, minmay_three_doors
Depths:2: hangedman_slaughterboxes, hell_entry, abyss_entry, pan_entry,
          uniq_nikola
Depths:3: minmay_inside_and_out, layout_cave_shapes, hangedman_ru_absence,
          hell_entry, marbit_kobold_abyss_entry, serial_bayou_pond_b,
          kennysheep_potato, uniq_vv
Depths:4: grunt_crosshair, layout_cave_pools, serial_rivers,
          chequers_serial_rivers_small_b, chequers_serial_rivers_micro_b,
          chequers_serial_rivers_small_3, chequers_serial_rivers_micro_c,
          chequers_serial_rivers_large_b, minmay_stone_trees_small, hellmouth_1,
          hangedman_decor_points, amcnicky_mini_pool_medium

Skill      XL: |  1  2  3  4  5  6  7  8  9 10 11 12 13 14 15 16 17 18 19 20 21 22 23 |
---------------+----------------------------------------------------------------------+-----
Fighting       | 2 3 4 5 7 9 11 13 17 | 17.0
Long Blades    | 5 6 8 10 11 12 12 14 16 | 16.2
Dodging        | 2 3 7 6 7 9 10 13 14 | 14.0
Evocations     | 6 5 10 11 12 | 12.0
Armour         | 0 |  0.0
Throwing       | 2 4 5 |  5.4
Stealth        | 5 4 |  4.5
Spellcasting   | 1 |  1.7
Shields        | 6 9 10 13 14 | 14.0
Transmutations | 6 |  6.6
Ranged Weapons | 5 11 15 18 19 | 19.7

Action                   |  1- 3 |  4- 6 |  7- 9 | 10-12 | 13-15 | 16-18 | 19-21 | 22-24 || total
-------------------------+-------+-------+-------+-------+-------+-------+-------+-------++-------
Melee: Falchion          |    82 |    74 |       |       |       |       |       |       ||   156
       Short sword       |       |    97 |   183 |       |       |       |       |       ||   280
       Punch             |       |     2 |     8 |     7 |     2 |       |       |       ||    19
       Long sword        |       |       |   198 |    48 |       |       |       |       ||   246
       Scimitar          |       |       |       |   512 |    81 |       |       |       ||   593
       Demon blade       |       |       |       |       |   878 |  1305 |  1232 |   722 ||  4137
 Fire: Hand crossbow     |       |       |       |       |       |       |    49 |    39 ||    88
Throw: Dart              |       |       |    15 |    73 |    80 |     8 |       |       ||   176
       Boomerang         |       |       |     7 |    63 |       |    10 |       |       ||    80
       Throwing net      |       |       |     1 |       |       |       |     1 |       ||     2
 Cast: Wereblood         |       |       |       |       |     5 |    24 |    36 |    15 ||    80
Invok: Sacrifice Durabil |       |       |     1 |       |       |       |       |       ||     1
       Sacrifice Skill   |       |       |       |     2 |       |       |       |       ||     2
       Draw Out Power    |       |       |       |     1 |       |       |       |       ||     1
       Apocalypse        |       |       |       |     3 |     9 |    13 |     8 |     3 ||    36
       Sacrifice Purity  |       |       |       |     1 |       |       |       |       ||     1
       Sacrifice an Eye  |       |       |       |     1 |       |       |       |       ||     1
       Sacrifice Courage |       |       |       |       |     1 |       |       |       ||     1
       Power Leap        |       |       |       |       |       |       |     1 |       ||     1
 Abil: Hop               |     1 |     1 |     4 |     8 |     5 |     7 |     5 |     3 ||    34
Evoke: Wand              |     1 |     1 |    15 |    11 |    12 |     5 |    12 |       ||    57
       Tin of tremorston |       |       |       |       |       |     1 |     4 |       ||     5
       Box of beasts     |       |       |       |       |       |       |     2 |       ||     2
  Use: Potion            |       |     1 |     2 |     2 |     3 |     6 |     1 |       ||    15
       Scroll            |       |       |       |    12 |    12 |    10 |    10 |       ||    44
 Stab: Sleeping          |     2 |     2 |     2 |     3 |    11 |     8 |     9 |     8 ||    45
       Distracted        |       |       |     1 |     4 |     9 |    18 |    21 |     9 ||    62
       Held in net/web   |       |       |     1 |       |       |       |       |       ||     1
       Invisible         |       |       |       |     6 |    10 |    13 |     7 |     6 ||    42
       Paralysed         |       |       |       |     3 |     8 |    18 |    12 |     5 ||    46
       Petrified         |       |       |       |       |     3 |       |       |       ||     3
Armor: Leather armour    |     8 |    22 |    66 |   107 |    90 |   128 |   125 |    64 ||   610
       Ring mail         |    12 |    13 |       |       |       |       |       |       ||    25
Dodge: Dodged            |    66 |   118 |   399 |   485 |   479 |   819 |   731 |   472 ||  3569
Block: Buckler           |       |       |       |       |   219 |   275 |       |       ||   494
       Tower shield      |       |       |       |       |       |   716 |   412 |       ||  1128
       Kite shield       |       |       |       |       |       |       |   504 |   575 ||  1079
       Rpst.: Demon blade |       |       |       |       |       |       |   164 |   262 ||   426

Table legend: (Time is in decaauts)
 A = Elapsed time spent in this place.
 B = Non-inter-level travel time spent in this place.
 C = Inter-level travel time spent in this place.
 D = Time resting spent in this place.
 E = Time spent auto-exploring this place.
 F = Levels seen in this place.
 G = Mean time per level.
                   A        B        C        D        E       F      G
               +--------+--------+--------+--------+--------+-----+--------+
         Total |  55128 |  48286 |   6842 |   5504 |  29932 |  46 | 1198.4 |
       Dungeon |  21563 |  18327 |   3236 |   1931 |  12440 |  15 | 1437.5 |
        Temple |     59 |     43 |     16 |      0 |     28 |   1 |   59.0 |
          Lair |   8833 |   7624 |   1209 |    919 |   5251 |   5 | 1766.6 |
        Shoals |   5189 |   4982 |    207 |   1056 |   2179 |   4 | 1297.2 |
   Spider Nest |   4907 |   3712 |   1195 |     46 |   2349 |   4 | 1226.8 |
  Orcish Mines |   2159 |   1901 |    258 |    188 |   1253 |   2 | 1079.5 |
   Elven Halls |     32 |     32 |      0 |      0 |      3 |   1 |   32.0 |
        Vaults |   4897 |   4785 |    112 |    215 |   3434 |   4 | 1224.2 |
        Depths |   5643 |   5037 |    606 |    684 |   2779 |   4 | 1410.8 |
         Abyss |    554 |    554 |      0 |     62 |      0 |   2 |  277.0 |
        Bazaar |    150 |    150 |      0 |      0 |     51 |   1 |  150.0 |
         Trove |     76 |     76 |      0 |      0 |      0 |   1 |   76.0 |
        Bailey |    713 |    713 |      0 |    399 |    134 |   1 |  713.0 |
        Wizlab |    348 |    348 |      0 |      0 |     24 |   1 |  348.0 |
               +--------+--------+--------+--------+--------+-----+--------+

Top non-repeatable levels by time:
     D:9: 3396 daAuts
    D:10: 2105 daAuts
  Lair:5: 2064 daAuts
Depths:2: 1975 daAuts
  Lair:3: 1876 daAuts
  Lair:1: 1861 daAuts
Spider:4: 1663 daAuts
    D:11: 1657 daAuts
     D:6: 1647 daAuts
Shoals:3: 1631 daAuts
  Lair:2: 1626 daAuts
   Orc:2: 1605 daAuts
Vaults:3: 1591 daAuts
Vaults:1: 1538 daAuts
  Lair:4: 1405 daAuts
